[Event "Early-Titled-Tuesday-Blitz-December-26-2023"]
[Site "Chess.com"]
[Date "2023.12.26"]
[Round "10"]
[White "Onischuk_V"]
[Black "Bauman_Guy"]
[Result "0-1"]
[WhiteElo "2760"]
[BlackElo "2916"]
[TimeControl "180+1"]
[EndTime "9:57:55 PST"]
[Termination "Bauman_Guy won on time"]

1. Nf3 d5 2. g3 c6 3. Bg2 Bg4 4. O-O Nd7 5. d3 Ngf6 6. Nbd2 e5 7. e4 Bd6 8. h3 Bh5 9. exd5 cxd5 10. c4 O-O 11. cxd5 Nxd5 12. Nc4 Bc7 13. Re1 Re8 14. Qb3 Nc5 15. Qa3 Nd7 16. Nh4 N7b6 17. Qb3 Qf6 18. Nd2 Rad8 19. Ne4 Qe7 20. Bd2 f6 21. Nf5 Qd7 22. g4 Bg6 23. Nc5 Qc8 24. a4 Bf7 25.
Qa3 Nd7 26. Ne4 Nf8 27. Nfd6 Bxd6 28. Nxd6 Rxd6 29. Qxd6 Rd8 30. Qa3 Ne6 31. Rac1 Qd7 32. Be3 Ndf4 33. Bxf4 Nxf4 34. Qc3 Nxg2 35. Kxg2 Bd5+ 36.
Kg1 h5 37. Qc7 Qe8 38. Re3 Rd7 39. Qc8 Rd8 40. Qf5 h4 41. g5 Be6 42. Qe4 Rd4 43. Qxb7 Qg6 44. Rc7 Qxg5+ 45. Qg2 Qxg2+ 46. Kxg2 a5 47.
Ra7 Bd5+ 48. Kf1 Rxa4 49. Re1 Be6 50. Rc1 Bxh3+ 51. Ke2 Bg4+ 52. f3 Be6 53. Rcc7 h3 54. Rxg7+ Kf8 55. Rh7 Kg8 56. Rag7+ Kf8 57. Re7 Kg8 58.
Rh6 Bf7 59. Rxh3 Rf4 60. Ra7 a4 61. Rg3+ Kf8 62. Ke3 Bd5 63. Rc7 Be6 64. Rc5 Ke7 65. Rg2 Kd6 66. Rgc2 Bd5 67. Rxd5+ Kxd5 68. Rc3 Rb4 69.
Ra3 Kc5 70. Rc3+ Kb5 71. Rc2 f5 72. Kd2 Rb3 73. Ke3 Kb4 74. Rc4+ Kb5 75. Rc2 Rb4 76.
Rh2 f4+ 0-1

[Event "Early-Titled-Tuesday-Blitz-December-26-2023"]
[Site "Chess.com"]
[Date "2023.12.26"]
[Round "10"]
[White "margarita_2703"]
[Black "Aslanov_Umid"]
[Result "1-0"]
[WhiteElo "2363"]
[BlackElo "2536"]
[TimeControl "180+1"]
[EndTime "9:57:55 PST"]
[Termination "margarita_2703 won by checkmate"]

1. e4 c5 2. Nf3 d6 3. d4 cxd4 4. Qxd4 Nf6 5. Nc3 e6 6. Bg5 Be7 7. O-O-O Nc6 8. Bb5 O-O 9. Qd3 Qa5 10. a3 a6 11. Bxc6 bxc6 12. Bd2 Qb6 13. Be3 Qb7 14. e5 Nd5 15. exd6 Bxd6 16. Ne4 Be7 17. Bc5 Rb8 18. b3 Bxc5 19. Nxc5 Qb5 20. Qxb5 axb5 21.
Kb2 b4 22. a4 Rd8 23. Ne5 Bb7 24. a5 Ba8 25. a6 Nc3 26. Rd7 Rdc8 27. Nc4 Nd5 28. Ra1 Rf8 29. Rb7 Bxb7 30. axb7 Rfd8 31. Na5 Ne7 32. Na6 Kf8 33. Nxb8 Rxb8 34. Rd1 Ke8 35. c4 bxc3+ 36. Kxc3 Nd5+ 37. Kc4 Kd7 38. Kc5 Kc7 39. b4 Nc3 40. Rd4 Na4+ 41. Kc4 Nb6+ 42. Kb3 Nd5 43. Rh4 h6 44. Rg4 g5 45. h4 f5 46. Rc4 g4 47. Rxc6+ Kd7 48. Rc5 Ne7 49. Ka4 Kd6 50.
Kb5 Nd5 51. Rxd5+ exd5 52. Kb6 d4 53. Ka7 Rxb7+ 54. Nxb7+ Kd5 55. Nc5 Kc4 56. Kb6 Kxb4 57. Kc6 Kc4 58. Kd6 f4 59. Ne4 g3 60. fxg3 Kd3 61.
Ke5 fxg3 62. Kf4 Ke2 63. Kxg3 Ke3 64. Nf2 h5 65. Nd1+ Kd2 66. Nf2 Ke3 67. Nh3 d3 68. Nf2 d2 69. Nd1+ Ke2 70. Nb2 Ke3 71. Kh3 Kf2 72.
g4 hxg4+ 73. Kxg4 Ke3 74. h5 Kd4 75. h6 Kc3 76. Nd1+ Kc2 77. Nf2 d1=Q+ 78. Nxd1 Kxd1 79. h7 Kd2 80. h8=Q Kd3 81. Kg5 Kc4 82. Kg6 Kc5 83.
Kg7 Kc6 84. Kg8 Kd7 85. Qh7+ Ke6 86. Qg7 Kf5 87. Qf7+ Kg5 88. Kf8 Kh6 89. Ke8 Kg5 90.
Ke7 Kh6 91. Ke6 Kg5 92. Ke5 Kh6 93. Qg8 Kh5 94. Kf5 Kh6 95. Qg6# 1-0

[Event "Early-Titled-Tuesday-Blitz-December-26-2023"]
[Site "Chess.com"]
[Date "2023.12.26"]
[Round "11"]
[White "adapodadei"]
[Black "Devil_Sun"]
[Result "0-1"]
[WhiteElo "2728"]
[BlackElo "2627"]
[TimeControl "180+1"]
[EndTime "10:00:52 PST"]
[Termination "Devil_Sun won by resignation"]

1. g3 d5 2. Bg2 Nf6 3. d3 e5 4.
Nd2 Nbd7 5. Ngf3 Bc5 6. O-O e4 7.
Nh4 e3 8. Nb3 exf2+ 9. Kh1 Bb6 10. d4 O-O 11. Rxf2 Ng4 12. Rf1 c6 13. e4 dxe4 14. Qxg4 Nf6 15. Nf5 Nxg4 0-1

[Event "Early-Titled-Tuesday-Blitz-December-26-2023"]
[Site "Chess.com"]
[Date "2023.12.26"]
[Round "11"]
[White "alvarorodriguezavila"]
[Black "Ezov"]
[Result "1/2-1/2"]
[WhiteElo "2289"]
[BlackElo "2160"]
[TimeControl "180+1"]
[EndTime "10:00:57 PST"]
[Termination "Game drawn by agreement"]

1. e4 e6 2. d4 d5 3. e5 c5 4. c3 Nc6 5. Nf3 Qb6 6. Bd3 cxd4 7. O-O Nh6 8. cxd4 Bd7 9. Bc2 Nf5 10. Bxf5 exf5 11.
Nc3 Be6 12. a3 h6 13. b4 g5 1/2-1/2

[Event "Early-Titled-Tuesday-Blitz-December-26-2023"]
[Site "Chess.com"]
[Date "2023.12.26"]
[Round "11"]
[White "LuisFSiles"]
[Black "PavelChernomordik"]
[Result "0-1"]
[WhiteElo "2284"]
[BlackElo "2421"]
[TimeControl "180+1"]
[EndTime "10:01:32 PST"]
[Termination "PavelChernomordik won by checkmate"]

1. e4 g6 2. Nc3 Bg7 3. f4 d6 4.
Nf3 c5 5. Bb5+ Bd7 6. Bxd7+ Qxd7 7. d3 Nc6 8. O-O e6 9. e5 dxe5 10. Nxe5 Nxe5 11. fxe5 Bxe5 12. Kh1 O-O-O 13. Qf3 f5 14. Bg5 Re8 15. Rae1 Bb8 16. Be3 Qd6 17. d4 Qxh2# 0-1

[Event "Early-Titled-Tuesday-Blitz-December-26-2023"]
[Site "Chess.com"]
[Date "2023.12.26"]
[Round "11"]
[White "Giantgoogachess"]
[Black "JafarTheParrot"]
[Result "0-1"]
[WhiteElo "2400"]
[BlackElo "2525"]
[TimeControl "180+1"]
[EndTime "10:01:58 PST"]
[Termination "JafarTheParrot won by resignation"]

1. d4 Nf6 2. c4 e5 3. dxe5 Ng4 4. Bf4 Bc5 5. e3 d6 6. exd6 O-O 7. Be2 Qf6 8. Bxg4 Bxg4 9. Qxg4 Qxb2 10. Nf3 Bb4+ 11. Nbd2 Qxa1+ 12. Ke2 Qxh1 13. Bh6 Qa1 14. Nd4 g6 15. Bxf8 Nc6 16. Bh6 Nxd4+ 17. Qxd4 Qxd4 18. exd4 Bxd2 19. Kxd2 cxd6 20. Kd3 f6 21. Ke4 Kf7 22. Kd5 g5 23. Kxd6 Rd8+ 24. Kc5 b6+ 25. Kc6 Rxd4 0-1

[Event "Early-Titled-Tuesday-Blitz-December-26-2023"]
[Site "Chess.com"]
[Date "2023.12.26"]
[Round "11"]
[White "JAN2404"]
[Black "GM-2023"]
[Result "1-0"]
[WhiteElo "1945"]
[BlackElo "1815"]
[TimeControl "180+1"]
[EndTime "10:02:34 PST"]
[Termination "JAN2404 won by checkmate"]

1. e4 e5 2. Nf3 Nc6 3. Bc4 Bc5 4. O-O Nf6 5. Re1 O-O 6. h3 d5 7. exd5 Nxd5 8. Nxe5 Nxe5 9. Rxe5 Nf6 10. Qe1 Qd4 11.
c3 Qxc4 12. d4 Bd6 13. Nd2 Qa6 14. Re2 Be6 15. b3 Rfe8 16. c4 Bd7 17. Bb2 Rxe2 18.
Qxe2 Re8 19. Qd3 g6 20. Nf3 Bf5 21. Qc3 Ne4 22. Qc1 c5 23. Qh6 Nf6 24. dxc5 Be7 25. Ng5 Bxc5 26. Rd1 Qb6 27. Kf1 Bxf2 28. Nxh7 Nxh7 29.
Qg7# 1-0

[Event "Early-Titled-Tuesday-Blitz-December-26-2023"]
[Site "Chess.com"]
[Date "2023.12.26"]
[Round "11"]
[White "ChessBliss09"]
[Black "NowInChess"]
[Result "1-0"]
[WhiteElo "2113"]
[BlackElo "2276"]
[TimeControl "180+1"]
[EndTime "10:02:42 PST"]
[Termination "ChessBliss09 won by checkmate"]

1. e4 e6 2. d4 d5 3. Nd2 Nc6 4.
Ngf3 Nf6 5. e5 Nd7 6. Bd3 f6 7. Qe2 Nb4 8. c3 Nxd3+ 9. Qxd3 fxe5 10. Nxe5 Nxe5 11. dxe5 Qg5 12. O-O Qxe5 13. f4 Qf6 14. f5 Bc5+ 15. Kh1 O-O 16. Nb3 Bd6 17. Bf4 Qxf5 18.
Bxd6 Qxd3 19. Rxf8# 1-0

[Event "Early-Titled-Tuesday-Blitz-December-26-2023"]
[Site "Chess.com"]
[Date "2023.12.26"]
[Round "11"]
[White "The_Straightforward_Rook"]
[Black "Yushko_Olga"]
[Result "0-1"]
[WhiteElo "2468"]
[BlackElo "2210"]
[TimeControl "180+1"]
[EndTime "10:02:50 PST"]
[Termination "Yushko_Olga won by resignation"]

1. e4 e6 2. Qe2 Be7 3. g3 Nf6 4. Bg2 O-O 5. e5 Nd5 6. c4 Nb6 7. b3 d5 8. exd6 cxd6 9. Bb2 d5 10. d3 Nc6 11. Nf3 Bf6 12. O-O a5 13. Nc3 a4 14.
c5 a3 15. cxb6 axb2 16. Qxb2 Qxb6 17. Rac1 Qa5 18. a4 Bd7 19. Qd2 Rfc8 20. Nb5 Qxd2 21. Nxd2 Nd4 22. Rxc8+ Rxc8 23. Nxd4 Bxd4 24. Nf3 Bb6 25.
Ne5 Be8 26. b4 Bxa4 27. h4 f6 28. Bh3 Re8 29. Ra1 Bb5 30. Bxe6+ Rxe6 31. Ra8+ Re8 32. Rxe8+ Bxe8 0-1

[Event "Early-Titled-Tuesday-Blitz-December-26-2023"]
[Site "Chess.com"]
[Date "2023.12.26"]
[Round "11"]
[White "Flawless_Fighter"]
[Black "bazar-wokzal"]
[Result "0-1"]
[WhiteElo "2773"]
[BlackElo "2659"]
[TimeControl "180+1"]
[EndTime "10:03:04 PST"]
[Termination "bazar-wokzal won by resignation"]

1. e4 Nc6 2. Nf3 d5 3. exd5 Qxd5 4. Nc3 Qa5 5. d4 Bg4 6. h3 Bxf3 7. Qxf3 O-O-O 8.
Be3 e5 9. d5 Ba3 10. Rb1 Bxb2 11. Bd2 Bxc3 12. Bxc3 Qxd5 13. Qxd5 Rxd5 14. Bd3 Nf6 15.
O-O Rhd8 16. Rfe1 Rc5 17. Bd2 e4 18. Be3 Rc3 19. Bd2 Ra3 20. Bc1 Rxa2 21. Bc4 Rxc2 22. Bxf7 Nd4 23. Be3 a5 24. g4 Nf3+ 25. Kg2 Nxe1+ 26.
Rxe1 a4 27. Ba7 b6 0-1

[Event "Early-Titled-Tuesday-Blitz-December-26-2023"]
[Site "Chess.com"]
[Date "2023.12.26"]
[Round "11"]
[White "CuattroPrincesses"]
[Black "Hoshka"]
[Result "1-0"]
[WhiteElo "2292"]
[BlackElo "2055"]
[TimeControl "180+1"]
[EndTime "10:03:08 PST"]
[Termination "CuattroPrincesses won by resignation"]

1. e4 e5 2. d4 exd4 3. Nf3 Nc6 4. Nxd4 Nf6 5. Nc3 Bb4 6. Nxc6 bxc6 7. Bd3 d5 8. exd5 cxd5 9. O-O O-O 10. Bg5 c6 11.
Na4 h6 12. Bh4 Bd6 13. c4 Re8 14. Rc1 Bg4 15. Bxf6 Bxd1 16. Bxd8 Bxa4 17. Ba5 dxc4 18. Bxc4 Bb5 19. b3 Bf4 20. Rc2 Re6 21. Bxe6 Bxf1 22. Kxf1 fxe6 23. Rxc6 Kf7 24. Ra6 Kf6 25. Bb6 Rc8 26.
Bxa7 Rc1+ 27. Ke2 Rc2+ 28. Kf3 Bxh2 29. g3 Bg1 30. Kg2 1-0

[Event "Early-Titled-Tuesday-Blitz-December-26-2023"]
[Site "Chess.com"]
[Date "2023.12.26"]
[Round "11"]
[White "viktorskliarov"]
[Black "YurasovMat-2012"]
[Result "1-0"]
[WhiteElo "2667"]
[BlackElo "2542"]
[TimeControl "180+1"]
[EndTime "10:03:14 PST"]
[Termination "viktorskliarov won by resignation"]

1. e4 e5 2. Nc3 Nf6 3. Bc4 Nxe4 4. Qh5 Nd6 5. Bb3 Be7 6. Qxe5 O-O 7. d4 Nc6 8. Qf4 Na5 9. Bd5 Bf6 10. Nge2 Re8 11.
h4 Nc6 12. Be3 b6 13. O-O-O Bb7 14. g4 g6 15. g5 Bg7 16. Ng3 Ne7 17. Bxb7 Nxb7 18.
h5 d5 19. hxg6 hxg6 20. Rh7 Kxh7 21. Qxf7 1-0

[Event "Early-Titled-Tuesday-Blitz-December-26-2023"]
[Site "Chess.com"]
[Date "2023.12.26"]
[Round "11"]
[White "Felix-Rose"]
[Black "hsd2016"]
[Result "0-1"]
[WhiteElo "2230"]
[BlackElo "2245"]
[TimeControl "180+1"]
[EndTime "10:03:28 PST"]
[Termination "hsd2016 won by checkmate"]

1. d4 d5 2. Bf4 c5 3. e3 cxd4 4.
exd4 Nf6 5. Nf3 Nc6 6. Nbd2 e6 7. Bb5 Bd7 8. c4 dxc4 9. Qa4 Nd5 10. Bg5 f6 11. Bh4 c3 12. Nc4 cxb2 13. Nxb2 Nc3 14. Qb3 Nxb5 15. Qxb5 Nxd4 16. Qxb7 Rb8 17. Qxa7 Nxf3+ 18.
gxf3 Rxb2 19. O-O Qb6 20. Qa8+ Qb8 21. Qe4 Rb4 22. Qd3 Rxh4 23. Rfd1 Qxh2+ 24. Kf1 Qh3+ 25. Ke2 e5 26. Rab1 Rd4 27. Rb8+ Kf7 28. Qb3+ Kg6 29. Rg1+ Kh6 30. Qe3+ g5 31. Rbb1 Bc5 32. Rh1 Bb5+ 33. Rxb5 Qxh1 34. Rxc5 Qd1# 0-1

[Event "Early-Titled-Tuesday-Blitz-December-26-2023"]
[Site "Chess.com"]
[Date "2023.12.26"]
[Round "11"]
[White "szefru"]
[Black "Nasrin_Babayeva"]
[Result "1-0"]
[WhiteElo "2270"]
[BlackElo "1853"]
[TimeControl "180+1"]
[EndTime "10:03:29 PST"]
[Termination "szefru won on time"]

1. e4 Nc6 2. Nf3 d6 3. Bb5 Bg4 4. h3 Bh5 5. g4 Bg6 6. Nc3 Nf6 7. d3 a6 8. Bxc6+ bxc6 9. Nh4 e5 10. Bg5 Be7 11. Nxg6 hxg6 12. Be3 d5 13. exd5 cxd5 14.
d4 exd4 15. Bxd4 c5 16. Bxf6 Bxf6 17. Nxd5 Bxb2 18. Rb1 Bd4 19. Qe2+ Kd7 20. Kf1 Rb8 21. Kg2 Rxb1 22. Rxb1 Kc6 23. Ne7+ Kd6 24. Rb7 Qa8 25. Qe4 1-0

[Event "Early-Titled-Tuesday-Blitz-December-26-2023"]
[Site "Chess.com"]
[Date "2023.12.26"]
[Round "11"]
[White "Grammnik"]
[Black "Sofia_Blokhin"]
[Result "1-0"]
[WhiteElo "2195"]
[BlackElo "2293"]
[TimeControl "180+1"]
[EndTime "10:03:45 PST"]
[Termination "Grammnik won by checkmate"]

1. d4 g6 2. c4 Bg7 3. Nc3 f5 4. e4 fxe4 5. Nxe4 Nf6 6. Nxf6+ exf6 7. h4 O-O 8. h5 Re8+ 9. Be3 Bh6 10. hxg6 Bxe3 11. fxe3 hxg6 12. Qg4 Kg7 13. Bd3 Rxe3+ 14. Kd2 Rxd3+ 15. Kxd3 d5 16. Qh4 dxc4+ 17. Kc3 Qg8 18. Rf1 Nd7 19. Nf3 c5 20. Qh6+ Kf7 21. Ne5+ Ke7 22.
Nxg6+ Kd6 23. Qf4+ Ke6 24. d5+ Kf7 25. Ne5+ Nxe5 26. Qxf6+ Ke8 27. Qxe5+ Kd7 28. Rh6 b5 29. Qd6+ Ke8 30. Re1+ Kf7 31. Re7+ Kf8 32. Qd8# 1-0

[Event "Early-Titled-Tuesday-Blitz-December-26-2023"]
[Site "Chess.com"]
[Date "2023.12.26"]
[Round "11"]
[White "mariofs"]
[Black "dennisodessa"]
[Result "0-1"]
[WhiteElo "2212"]
[BlackElo "2537"]
[TimeControl "180+1"]
[EndTime "10:03:48 PST"]
[Termination "dennisodessa won by resignation"]

1. d4 e6 2. Bf4 Nf6 3. Nc3 d5 4. Nb5 Na6 5. e3 Bd7 6. a4 Be7 7.
Nf3 Nh5 8. Bd3 O-O 9. Ne5 Nxf4 10. exf4 Nb4 11. Be2 a6 12. Nc3 c5 13. O-O cxd4 14. Qxd4 Nxc2 15. Qd2 Nxa1 16. Rxa1 Bb4 17. Qe3 Rc8 18.
Qg3 f6 19. Ng4 Qc7 20. Bd3 Bxc3 21. bxc3 Qxc3 22. Rf1 e5 23. Nxf6+ Rxf6 24. fxe5 Rff8 25. h4 Bf5 26. Bxf5 Rxf5 27. Qg4 0-1

[Event "Early-Titled-Tuesday-Blitz-December-26-2023"]
[Site "Chess.com"]
[Date "2023.12.26"]
[Round "11"]
[White "Jospem"]
[Black "stollenmonster"]
[Result "1-0"]
[WhiteElo "3082"]
[BlackElo "2929"]
[TimeControl "180+1"]
[EndTime "10:03:51 PST"]
[Termination "Jospem won by resignation"]

1. e4 c5 2. Nf3 Nf6 3. Nc3 d5 4. exd5 Nxd5 5. Bb5+ Bd7 6. Ne5 e6 7. Qf3 Qf6 8. Nxd7 Nxd7 9. Qe2 O-O-O 10. Bxd7+ Rxd7 11. Ne4 Qg6 12. g3 f5 13. Nc3 f4 14. d3 Bd6 15. Bd2 Rf8 16. O-O-O Rdf7 17. Rde1 fxg3 18. fxg3 Kd7 19. Ne4 Qf5 20. d4 cxd4 21. Qb5+ Kc7 22. Qc4+ Kd7 23. Qxd4 Rc8 24. Kb1 Be5 25. Nc5+ Kd6 26. Rxe5 1-0

[Event "Early-Titled-Tuesday-Blitz-December-26-2023"]
[Site "Chess.com"]
[Date "2023.12.26"]
[Round "11"]
[White "Szparu"]
[Black "Iball95"]
[Result "1/2-1/2"]
[WhiteElo "2891"]
[BlackElo "2827"]
[TimeControl "180+1"]
[EndTime "10:03:59 PST"]
[Termination "Game drawn by repetition"]

1. e4 c5 2. Nf3 e6 3. c3 d5 4.
exd5 exd5 5. d4 Nf6 6. Bb5+ Nc6 7. O-O Be7 8. dxc5 Bxc5 9. Nbd2 O-O 10. Nb3 Bb6 11.
Bg5 Be6 12. Nbd4 Nxd4 13. Nxd4 h6 14. Bf4 Ne4 15. Be2 Qf6 16. Be3 Bc7 17. Bf3 Ng5 18. Bxg5 Qxg5 19. Re1 Rae8 20. Qd3 a6 21. g3 Re7 22.
Re3 Rfe8 23. Rae1 Qf6 24. Qe2 Bb6 25. Re5 Bc7 26. Re3 Bb6 27. Bxd5 Bxd4 28. cxd4 Bxd5 29.
Rxe7 Rxe7 30. Qxe7 Qf3 31. Kf1 Bc4+ 32. Kg1 Bd5 33.
Kf1 Bc4+ 34. Kg1 Bd5 1/2-1/2

[Event "Early-Titled-Tuesday-Blitz-December-26-2023"]
[Site "Chess.com"]
[Date "2023.12.26"]
[Round "11"]
[White "GoValya"]
[Black "Ramla2020"]
[Result "1/2-1/2"]
[WhiteElo "2313"]
[BlackElo "2462"]
[TimeControl "180+1"]
[EndTime "10:04:00 PST"]
[Termination "Game drawn by repetition"]

1. d4 Nf6 2. c4 e6 3. a3 d5 4. Nf3 Be7 5. e3 O-O 6. Bd3 b6 7. cxd5 exd5 8. O-O c5 9. Nc3 Bb7 10. Ne5 Nc6 11. Bc2 Nxe5 12. dxe5 Ne4 13. Qg4 Qc8 14. Qh5 g6 15. Qe2 f6 16. Nxe4 dxe4 17.
Qc4+ Kg7 18. Bxe4 fxe5 19. b3 Bf6 20. Bb2 Bxe4 21. Qxe4 Qf5 22. Qb7+ Kh6 23. Rad1 Rfb8 24. Qa6 Rf8 25. Qb7 Rfb8 26. Qc7 Rc8 27. Qb7 Rcb8 1/2-1/2

[Event "Early-Titled-Tuesday-Blitz-December-26-2023"]
[Site "Chess.com"]
[Date "2023.12.26"]
[Round "11"]
[White "isaak2009"]
[Black "defenceboy"]
[Result "1-0"]
[WhiteElo "2640"]
[BlackElo "2749"]
[TimeControl "180+1"]
[EndTime "10:04:02 PST"]
[Termination "isaak2009 won by resignation"]

1. e4 c5 2. Nf3 Nc6 3. Bb5 e6 4. Bxc6 bxc6 5. d3 Ne7 6. e5 f6 7. O-O fxe5 8. Nxe5 d6 9. Nf3 e5 10. Re1 Ng6 11. c3 Be7 12. d4 cxd4 13. cxd4 Bg4 14.
h3 Bxf3 15. Qxf3 Qb6 16. dxe5 Nxe5 17. Qg3 O-O 18. Nc3 Rf7 19. Rb1 Raf8 20. Be3 Qa5 21. Ne4 Nc4 22. Bd4 d5 23. Ng5 Bxg5 24. Qxg5 Qxa2 25.
Ra1 Qb3 26. Re7 Qd3 27. Bxg7 Qg6 28. Qxg6 hxg6 29. Bxf8 1-0

[Event "Early-Titled-Tuesday-Blitz-December-26-2023"]
[Site "Chess.com"]
[Date "2023.12.26"]
[Round "11"]
[White "Witik"]
[Black "rasmussvane"]
[Result "1-0"]
[WhiteElo "2747"]
[BlackElo "2899"]
[TimeControl "180+1"]
[EndTime "10:04:03 PST"]
[Termination "Witik won on time"]

1. e4 c6 2. d4 d5 3. exd5 cxd5 4. Bd3 Nc6 5. c3 Nf6 6. Bf4 Bg4 7. Qb3 Qd7 8. Nd2 e6 9. Ngf3 Bd6 10. Bg3 Bh5 11.
O-O O-O 12. Rfe1 Rab8 13. a4 Bg6 14. Bf1 Qc7 15. Bxd6 Qxd6 16. Ne5 Nd7 17. Nxg6 hxg6 18. Nf3 Rfe8 19. g3 Qc7 20. h4 a6 21. Qd1 b5 22.
axb5 axb5 23. b4 Ne7 24. Rc1 Nf5 25. Kg2 Nf6 26. Bd3 Nd6 27. Nd2 Ra8 28. Nb3 Ra3 29. Nc5 Rea8 30. Qf3 1-0

[Event "Early-Titled-Tuesday-Blitz-December-26-2023"]
[Site "Chess.com"]
[Date "2023.12.26"]
[Round "11"]
[White "CFalcons8"]
[Black "thechesscorner64"]
[Result "0-1"]
[WhiteElo "2223"]
[BlackElo "2406"]
[TimeControl "180+1"]
[EndTime "10:04:06 PST"]
[Termination "thechesscorner64 won by resignation"]

1. e4 c5 2. Nf3 e6 3. d4 cxd4 4. Nxd4 a6 5. Bd3 Nc6 6. Nxc6 dxc6 7. O-O e5 8. f4 Nf6 9. fxe5 Ng4 10. Qe2 Bc5+ 11.
Kh1 Qh4 12. g3 Qh3 13. Qg2 Qh5 14. Be2 Qxe5 15. Nc3 Be6 16. Bf4 Qd4 17. Nd1 O-O-O 18. h3 Nf6 19. Bf3 Qd7 20. Kh2 h5 21. Nc3 Ng4+ 22. Bxg4 hxg4 23. h4 Qe7 24. Rad1 Rxh4+ 25. gxh4 Qxh4+ 0-1

[Event "Early-Titled-Tuesday-Blitz-December-26-2023"]
[Site "Chess.com"]
[Date "2023.12.26"]
[Round "11"]
[White "PolinaYanch"]
[Black "LeoWin2012"]
[Result "0-1"]
[WhiteElo "1757"]
[BlackElo "2211"]
[TimeControl "180+1"]
[EndTime "10:04:06 PST"]
[Termination "LeoWin2012 won by resignation"]

1. d4 e6 2. c4 d5 3. Nf3 dxc4 4. g3 c5 5. Bg2 Nc6 6. Be3 cxd4 7. Nxd4 Nxd4 8.
Qxd4 Nf6 9. Qxd8+ Kxd8 10. O-O Bd6 11. Rd1 Ke7 12. Nd2 Nd5 13. Nxc4 Nxe3 14. Nxe3 Rd8 15. Rac1 Rb8 16. Nc4 Bc7 17. Rxd8 Bxd8 18. Ne5 Bb6 19. Kf1 f6 20. Nd3 Bd7 21. e3 Bb5 22. Ke2 Rd8 23.
Rd1 e5 24. Be4 g6 25. g4 Ke6 26. Ke1 f5 27. gxf5+ gxf5 28. Nc5+ Ke7 29. a4 Rxd1+ 30. Kxd1 Bxc5 31. Bxf5 Bxa4+ 32. Kd2 Bc6 33. Kd3 Bb6 34. Bxh7 Kf6 35. h4 Kg7 36. Bf5 Kh6 37. f4 exf4 38.
exf4 Kh5 39. Be4 Kxh4 40. Bxc6 bxc6 41. Ke4 Kg4 42. Ke5 Bc7+ 43. Ke4 Bxf4 0-1

[Event "Early-Titled-Tuesday-Blitz-December-26-2023"]
[Site "Chess.com"]
[Date "2023.12.26"]
[Round "11"]
[White "GMT4114"]
[Black "tylityli"]
[Result "0-1"]
[WhiteElo "2011"]
[BlackElo "2235"]
[TimeControl "180+1"]
[EndTime "10:04:20 PST"]
[Termination "tylityli won on time"]

1. e4 e5 2. Bc4 Nf6 3. d3 c6 4.
Nf3 d5 5. Bb3 Bd6 6. Nc3 dxe4 7.
Ng5 O-O 8. Ncxe4 Nxe4 9. Nxe4 Bc7 10. Qh5 Qe7 11. Bg5 Qd7 12. h3 Qf5 13. g4 Qg6 14. Qh4 h6 15. Be3 Be6 16. Bxe6 fxe6 17. O-O-O Nd7 18.
Rhg1 Bb6 19. Rde1 Bxe3+ 20. Rxe3 Rf4 21. Qg3 Raf8 22. Rg2 Nf6 23. Nxf6+ Qxf6 24. Kd1 Rxf2 25. Rxf2 Qxf2 26. Qxf2 Rxf2 27. Rxe5 Kf7 28. a4 Rf3 0-1

[Event "Early-Titled-Tuesday-Blitz-December-26-2023"]
[Site "Chess.com"]
[Date "2023.12.26"]
[Round "11"]
[White "ilushka"]
[Black "mightysmasher"]
[Result "0-1"]
[WhiteElo "2477"]
[BlackElo "2598"]
[TimeControl "180+1"]
[EndTime "10:04:21 PST"]
[Termination "mightysmasher won by resignation"]

1. Nf3 d5 2. g3 Nf6 3. Bg2 e6 4.
c4 Be7 5. d4 O-O 6. Qc2 b6 7. O-O Bb7 8. Ne5 Nbd7 9. cxd5 Nxe5 10. dxe5 Nxd5 11. a3 c5 12. Rd1 Qe8 13. Nc3 Rd8 14.
Bd2 Qd7 15. e4 Nxc3 16. Bxc3 Qc7 17. a4 a6 18. h4 h6 19. f4 Qc6 20. h5 c4 21. Kh2 Rxd1 22. Rxd1 b5 23. axb5 axb5 24. Qe2 b4 25. Bd4 Rd8 26. Be3 Rxd1 27. Qxd1 c3 28. bxc3 bxc3 29. f5 exf5 30. e6 fxe6 31. Bd4 c2 32.
Qc1 Bg5 33. Qa3 c1=Q 34. Qe7 Bxe7 0-1

[Event "Early-Titled-Tuesday-Blitz-December-26-2023"]
[Site "Chess.com"]
[Date "2023.12.26"]
[Round "11"]
[White "KVAIDAN"]
[Black "WeAintSurePal"]
[Result "0-1"]
[WhiteElo "2347"]
[BlackElo "2507"]
[TimeControl "180+1"]
[EndTime "10:04:23 PST"]
[Termination "WeAintSurePal won by resignation"]

1. f4 d5 2. Nf3 c5 3. e3 Nf6 4. b3 Nc6 5. Bb2 a6 6. Bd3 g6 7. O-O Bg7 8. Ne5 Qc7 9. Qe1 O-O 10. Qh4 b5 11. Nxc6 Qxc6 12. Be5 c4 13. Be2 Bf5 14. Nc3 Bxc2 15. Rac1 Bf5 16. g4 Bd7 17. Bf3 Ne4 18. d3 Nxc3 19. Rxc3 Bxe5 20. fxe5 b4 21. Rxc4 Qe6 22.
Rd4 Qxe5 23. Rxd5 Qxe3+ 24. Kg2 Bc6 25. Rh5 Qe2+ 26. Rf2 Bxf3+ 27. Kg3 Qxd3 28. Rxh7 Bd5+ 29. Kf4 Qe4+ 30. Kg5 Qe3+ 31. Rf4 Qe5+ 32. Kh6 Qxf4+ 33. Qg5 Qxg5+ 34. Kxg5 Kxh7 0-1

[Event "Early-Titled-Tuesday-Blitz-December-26-2023"]
[Site "Chess.com"]
[Date "2023.12.26"]
[Round "11"]
[White "ProfessorChess101"]
[Black "OneTrickPony_82"]
[Result "0-1"]
[WhiteElo "2594"]
[BlackElo "2493"]
[TimeControl "180+1"]
[EndTime "10:04:25 PST"]
[Termination "OneTrickPony_82 won by resignation"]

1. e4 e5 2. Nf3 Nc6 3. Bb5 a6 4. Ba4 Nf6 5. O-O Be7 6. d3 b5 7. Bb3 d6 8. a3 Na5 9. Ba2 c5 10. Nc3 Nc6 11. Bg5 Be6 12. Bxf6 Bxf6 13. Nd5 g6 14. c3 Bg7 15. b4 Ne7 16. a4 Nxd5 17. Bxd5 Bxd5 18. exd5 c4 19. axb5 axb5 20. Rxa8 Qxa8 21. dxc4 bxc4 22. Nd2 Qxd5 23. Qa4+ Ke7 24. Qa7+ Ke6 25. Nf3 Bh6 26. Re1 Ra8 27. Qc7 Kf6 28. b5 Ra3 29. b6 Rb3 30. Qd8+ Kg7 31. Nxe5 Qxe5 32. Rf1 Bg5 33. Qc7 Qc5 34. Qd7 Qxb6 35. Qg4 Bf6 36. Qxc4 Rxc3 37. Qg4 h5 38. Qe4 Qc5 39.
Qf4 Be5 40. Qd2 Rc2 41. Qd1 Bd4 42. Qf3 Rxf2 43. Rxf2 Qc1+ 0-1

[Event "Early-Titled-Tuesday-Blitz-December-26-2023"]
[Site "Chess.com"]
[Date "2023.12.26"]
[Round "11"]
[White "anasta10"]
[Black "PeshkaCh"]
[Result "0-1"]
[WhiteElo "2622"]
[BlackElo "2848"]
[TimeControl "180+1"]
[EndTime "10:04:26 PST"]
[Termination "PeshkaCh won on time"]

1. Nf3 Nf6 2. d4 e6 3. c4 d5 4. Nc3 Be7 5. cxd5 exd5 6. Bg5 O-O 7. e3 c6 8. Bd3 h6 9. Bh4 Nh5 10.
Bxe7 Qxe7 11. O-O Bg4 12. h3 Bxf3 13. Qxf3 Nf6 14. Rfe1 Nbd7 15. a3 a5 16. e4 dxe4 17. Nxe4 Nxe4 18. Bxe4 Qd6 19. d5 c5 20. Rad1 Rfe8 21. Bc2 Re5 22. Rxe5 Nxe5 23. Qg3 Re8 24. Qc3 b6 25. Be4 Nd7 26. Bf3 Re5 27. g3 g6 28. Bg2 h5 29. Re1 Kf8 30. f4 Rxe1+ 31. Qxe1 Qf6 32. Qd2 Ke7 33. Kf2 Kd6 34. Ke3 h4 35.
gxh4 Qxh4 36. Qf2 Qxf2+ 37. Kxf2 Nf6 38. Kg3 Nxd5 39. Kg4 Ne3+ 0-1